 Dungeon Crawl Stone Soup version 0.28-a0-1365-g7e0445c96d (webtiles) character file.

Game seed: 11884623523209300834

885 Lekart the Chopper (level 7, 0/51 (60) HPs)
             Began as a Purple Draconian Chaos Knight on Dec 31, 2021.
             Was a Plaything of Xom.
             Succumbed to a water moccasin's poison
             ... on level 5 of the Dungeon.
             The game lasted 00:03:38 (4189 turns).

Lekart the Chopper (Purple Draconian Chaos Knight)  Turns: 4189, Time: 00:03:39

HP:   0/51 (60)     AC:  6    Str: 18    XL:     7   Next: 76%
MP:   7/7           EV:  8    Int: 13    God:    Xom [......]
Gold: 133           SH: 15    Dex: 12    Spells: 6/6 levels left

rFire   + . .      SeeInvis .   e - +11 broad axe of Duqel {elec, rF+ Will+ Str+4}
rCold   . . .      Faith    .   b - +2 tower shield
rNeg    . . .      Spirit   .   (armour unavailable)
rPois   .          Reflect  .   (helmet restricted)
rElec   .          Harm     .   (no cloak)
rCorr   .          Rampage  .   (no gloves)
Will    ++...                   (no boots)
Stlth   ++........              (no amulet)
HPRegen 0.17/turn               d - +4 ring of slaying
MPRegen 0.10/turn               (no ring)

@: lethally poisoned (0 -> -1), heavily drained
A: breathe power, AC +6, unfitting armour, cold-blooded
a: Breathe Dispelling Energy, Renounce Religion


You were on level 5 of the Dungeon.
You worshipped Xom.
You were a very special plaything of Xom.
You visited 2 branches of the dungeon, and saw 6 of its levels.

You collected 133 gold pieces.

Inventory:

Hand Weapons
 a - a +0 hand axe of chaos
 e - the +11 broad axe of Duqel (weapon) {elec, rF+ Will+ Str+4}
   (You acquired it on level 5 of the Dungeon)

   It occasionally discharges a powerful burst of electricity upon striking a
   foe.
   Str:       It affects your strength (+4).
   rF:        It protects you from fire.
   Will:      It increases your willpower.
Armour
 b - a +2 tower shield (worn)
Jewellery
 d - a +4 ring of slaying (left hand)
 h - an amulet of the acrobat
Scrolls
 g - a scroll of torment {unknown}
 i - a scroll of summoning {unknown}


   Skills:
 + Level 4.8 Fighting
 + Level 6.2 Axes
 + Level 3.4 Dodging
 + Level 2.0 Stealth
 * Level 4.5 Shields


You had 6 spell levels left.
You didn't know any spells.
Your spell library contained the following spells:

 Spells                   Type           Power      Damage    Failure   Level
 Gell's Gravitas          Tloc           0%         N/A       100%        3
 Teleport Other           Tloc           0%         N/A       100%        3
 Animate Dead             Necr           0%         N/A       100%        4
 Dispersal                Tloc           0%         N/A       100%        6
 Haunt                    Necr/Summ      0%         N/A       100%        7
 Infestation              Necr           0%         N/A       100%        8


Dungeon Overview and Level Annotations

Branches:
Dungeon (6/15)             Temple (1/1) D:5

Altars:
Ashenzari
Cheibriados
Dithmenos
Elyvilon
Fedhas
Gozag
Hepliaklqana
Kikubaaqudgha
Makhleb
Nemelex Xobeh
Okawaru
Qazlal
Ru
Sif Muna
Trog
Uskayaw
Vehumet
Xom
Yredelemnul
Zin
The Shining One


Innate Abilities, Weirdness & Mutations

You can breathe bolts of dispelling energy.
Your rich purple scales are hard. (AC +6)
You cannot fit into any form of body armour.
You are cold-blooded and may be slowed by cold attacks.


Message History

You slash the gnoll!
You kill the gnoll! "Suffer!"
You feel drained. The water moccasin closely misses you.
The water moccasin bites you!
There is a stone staircase leading up, spattered with blood here.
The water moccasin bites you.
* * * LOW HITPOINT WARNING * * *
You are poisoned.
The water moccasin poisons you!
You climb upwards.
* * * LOW HITPOINT WARNING * * *
You feel very sick.
There is a stone staircase leading down here.
You aren't carrying any potions.
As you read the scroll of teleportation, it crumbles to dust.
You feel strangely unstable.
You feel sick.
The water moccasin bites you but does no damage.
The water moccasin closely misses you.
You feel sick. You block the water moccasin's attack.
You feel sick. The water moccasin bites you.
* * * LOW HITPOINT WARNING * * *
* * * LOW HITPOINT WARNING * * *
You feel sick.
Your surroundings suddenly seem different.
* * * LOW HITPOINT WARNING * * *
You feel sick.
You aren't carrying any potions.
Unknown command.
Blink to where?
Press: ? - help, Dir - move target
As you read the scroll labelled LAUMASTRAAG, it crumbles to dust.
It was a scroll of blinking.
* * * LOW HITPOINT WARNING * * *
You feel sick.
Okay, then.
There is a lethal amount of poison in your body!
There is a lethal amount of poison in your body!
You die...
Xom titters!

##.###..#######.#.###.# ###.##.#
...# #..........#.#...# ##.......
#### #.#######.##..)..# #.....#.#
# ##'## #.##<.>..# #.......# #
##...## #........# #.....###
##.....## ####.#...# ##...###
##.......## ##..##### ##.##.##
##.........####...#########.#...#
.'.........+....@................
##.........####...##.######.#...#
##.......## #...##.# #....##
##.....## #.#....# ###.## ##...##
#.###..# #.# ##'## #.# #..#
#####.### #.########.###..#
#.......# #.(.............#
#.###.#.# ##..######.####.## #.#
#....


There were no monsters in sight!

Vanquished Creatures
  Menkaure (D:5)
  A black bear (D:5)
  A sky beast (D:5)
  2 phantoms (D:5)
  A water moccasin skeleton (D:5)
  2 bullfrog zombies
  A centaur zombie (D:5)
  A jelly (D:5)
  A hound (D:5)
  A gnoll shaman (D:6)
  A bullfrog skeleton (D:5)
  2 iguanas
  2 killer bee zombies (D:5)
  3 gnolls (D:6)
  An adder (D:5)
  A worm (D:3)
  2 dart slugs (D:2)
  4 orcs (D:5)
  2 endoplasms (D:1)
  A giant cockroach (D:1)
  9 goblins
  A hobgoblin (D:1)
  A quokka (D:1)
  3 ball pythons
  4 bats
  3 frilled lizards (D:2)
  6 kobolds
  3 rats (D:1)
61 creatures vanquished.

Vanquished Creatures (others)
  3 plants (D:5)
3 creatures vanquished.

Grand Total: 64 creatures vanquished

Notes
Turn   | Place    | Note
-------+----------+-------------------------------------------
     0 | D:1      | Lekart the Draconian Chaos Knight began the quest for the
                  | Orb.
     0 | D:1      | Reached XP level 1. HP: 19/19 MP: 1/1
   122 | D:1      | Reached XP level 2. HP: 26/26 MP: 2/2
   378 | D:1      | XOM: silly message
   702 | D:1      | Found a faded altar of an unknown god.
   794 | D:1      | XOM: divination: detect creatures
   863 | D:1      | XOM: silly message
  1087 | D:2      | XOM: silly message
  1460 | D:2      | Reached XP level 3. HP: 31/31 MP: 3/3
  1717 | D:2      | XOM: stat loss: -1 Str (13/14)
  1858 | D:3      | Reached skill level 1 in Shields
  1858 | D:3      | Reached XP level 4. HP: 26/40 MP: 4/4
  2034 | D:3      | You fall into a shaft and drop 2 floors!
  2034 | D:5      | Entered Level 5 of the Dungeon
  2066 | D:5      | Noticed a black bear
  2075 | D:5      | Killed a black bear
  2076 | D:5      | Reached skill level 4 in Axes
  2076 | D:5      | Reached XP level 5. HP: 43/46 MP: 5/5
  2387 | D:5      | Noticed Menkaure
  2389 | D:5      | Noticed a phantom
  2393 | D:5      | XOM: potion effect (brilliance)
  2394 | D:5      | Killed Menkaure
  2395 | D:5      | Reached skill level 1 in Stealth
  2395 | D:5      | Reached XP level 6. HP: 20/52 MP: 6/6
  2398 | D:5      | Identified a scroll of acquirement
  2404 | D:5      | Reached skill level 5 in Axes
  2404 | D:5      | Acquired the +11 broad axe of Duqel {elec, rF+ Will+ Str+4}
  2782 | D:5      | Your scales start taking on a rich purple colour.
  2782 | D:5      | Reached XP level 7. HP: 60/60 MP: 7/7
  2853 | D:5      | XOM: silly message
  2860 | D:5      | XOM: silly message
  2955 | D:5      | XOM: silly message
  3185 | D:5      | Found a staircase to the Ecumenical Temple.
  3200 | Temple   | Entered the Ecumenical Temple
  3244 | Temple   | XOM: 4-stop teleportation journey
  3719 | D:5      | Reached skill level 6 in Axes
  4014 | D:6      | XOM: noise
  4179 | D:6      | XOM: draining
  4187 | D:5      | HP: 2/51 [poisoned by a water moccasin]
  4189 | D:5      | Succumbed to a water moccasin's poison

Illustrated notes

Levels and vault maps discovered:
D:1:      dpeg_arrival_boxes_within_box, layout_loops_cross,
          hellmonk_ecumenical_altar_leap_of_faith, serial_park_tiny_2,
          hangedman_decor_push, supply_closet_lemuel, nrook_mini_vaults
D:2:      layout_basic, hangedman_decor_lopped
D:3:      layout_basic, serial_glass, glass_columns_a, glass_columns_a,
          serial_shops, nicolae_shop_window_shopping
D:5:      layout_loops_corners, minmay_temple_entry_butterflies,
          minmay_misc_feat_alley, serial_bayou_lake_a, uniq_menkaure
D:6:      layout_loops_ring, minmay_microvault, uniq_crazy_yiuf_cottage
Temple:   roderic_octagonal_lattice_temple

Skill      XL: |  1  2  3  4  5  6  7 |
---------------+----------------------+-----
Shields        | 1 2 3 4 |  4.5
Fighting       | 4 |  4.8
Axes           | 4 5 6 |  6.2
Dodging        | 3 |  3.4
Stealth        | 1 2 |  2.0

Action                   |  1- 3 |  4- 6 |  7- 9 || total
-------------------------+-------+-------+-------++-------
Melee: Hand axe          |    83 |    35 |       ||   118
       Tailslap          |     7 |    10 |     3 ||    20
       Broad axe         |       |    11 |    27 ||    38
  Use: Scroll            |       |     2 |     2 ||     4
       Potion            |       |     2 |       ||     2
 Stab: Sleeping          |     1 |     2 |     4 ||     7
Armor: Skin              |    24 |     7 |     2 ||    33
Dodge: Dodged            |    35 |    15 |     6 ||    56
Block: Tower shield      |    35 |    42 |    21 ||    98

Table legend: (Time is in decaauts)
 A = Elapsed time spent in this place.
 B = Non-inter-level travel time spent in this place.
 C = Inter-level travel time spent in this place.
 D = Time resting spent in this place.
 E = Time spent auto-exploring this place.
 F = Levels seen in this place.
 G = Mean time per level.
                   A        B        C        D        E       F      G
               +--------+--------+--------+--------+--------+-----+--------+
         Total |   4299 |   4168 |    131 |    371 |   3283 |   6 |  716.5 |
       Dungeon |   4019 |   3911 |    108 |    371 |   3044 |   5 |  803.8 |
        Temple |    279 |    256 |     23 |      0 |    239 |   1 |  279.0 |
               +--------+--------+--------+--------+--------+-----+--------+

Top non-repeatable levels by time:
     D:5: 1917 daAuts
     D:1: 1059 daAuts
     D:2: 818 daAuts
  Temple: 279 daAuts
     D:3: 192 daAuts
     D:6: 30 daAuts
